 Dungeon Crawl Stone Soup version 0.21.1-1-g345015fe64 (webtiles) character file.

16969 Hercules1031 the Blocker (level 12, -1/97 HPs)
             Began as a Gnoll Fighter on June 22, 2018.
             Was a Priest of Ashenzari.
             Slain by a nine-headed hydra (9 damage)
             ... on level 3 of the Lair of Beasts.
             The game lasted 00:51:30 (12219 turns).

Hercules1031 the Blocker (Gnoll Fighter)           Turns: 12219, Time: 00:51:32

Health: -1/97      AC: 27    Str: 23 (26) XL:     12   Next: 43%
Magic:  22/22      EV:  9    Int: 12 (13) God:    Ashenzari [***...]
Gold:   520        SH: 22    Dex: 19 (20) Spells: 24/25 levels left

rFire    + + .     SeeInvis +   t - +9 hand axe of the Doomed Warrior {speed, +Fly rElec rF+} (curse)
rCold    . . .     Gourm    .   J - +0 large shield (curse)
rNeg     . . .     Faith    .   i - +0 plate armour
rPois    .         Spirit   .   T - +0 helmet {Int+3} (curse)
rElec    +         Reflect  +   y - +2 cloak
rCorr    .         Harm     .   w - +2 pair of gloves {Str+3} (curse)
MR       .....                  F - +3 pair of boots "Piklohil" {+Blink Dex+4}
Stlth    ..........             u - +3 amulet of reflection (curse)
HPRegen  0.26/turn              O - ring of protection from fire
MPRegen  0.18/turn              E - ring of stealth

@: about to teleport
A: distributed training, fangs 1, strong nose
a: Curse Item, Scrying, Renounce Religion, Evoke Blink, Evoke Flight


You were on level 3 of the Lair of Beasts.
You worshipped Ashenzari.
Ashenzari was most pleased with you.
You were not hungry.

You visited 3 branches of the dungeon, and saw 13 of its levels.
You also visited: Volcano.

You collected 984 gold pieces.
You spent 464 gold pieces at shops.

Inventory:

Hand Weapons
 n - a +3 falchion of holy wrath
 o - a +4 short sword
 t - the cursed +9 hand axe of the Doomed Warrior (weapon) {speed, +Fly rElec rF+}
   (You found it on level 4 of the Dungeon)

   Attacks with this weapon are significantly faster.
   It protects you from fire.
   It insulates you from electricity.
   It lets you fly.
   It has a curse placed upon it.
 A - a +1 scimitar of flaming
 I - a +0 great sword of protection
 K - a +0 broad axe
 P - a +1 morningstar of protection
 Q - a +2 fustibalus of flaming
 R - a +1 great sword of flaming
 S - a +0 great mace of flaming
 U - a +0 dire flail of flaming
Armour
 c - a +0 shield
 i - a +0 plate armour (worn)
 r - the +0 scale mail "Boas" {rN+ Regen+ Int-2}
   (You found it on level 5 of the Dungeon)

   It affects your intelligence (-2).
   It protects you from negative energy.
   It increases your rate of regeneration.
 w - a cursed +2 pair of gloves of strength (worn)
 y - a +2 cloak (worn)
 F - the +3 pair of boots "Piklohil" (worn) {+Blink Dex+4}
   (You bought it in a shop on level 6 of the Dungeon)

   It affects your dexterity (+4).
   It lets you blink.
 J - a cursed +0 large shield (worn)
 T - a cursed +0 helmet of intelligence (worn)
 W - a +2 helmet of see invisible
Magical Staves
 k - an uncursed staff of fire
Jewellery
 g - an uncursed amulet of faith
 j - an uncursed ring of protection from cold
 u - a cursed +3 amulet of reflection (around neck)
 E - a ring of stealth (right hand)
 O - a ring of protection from fire (left hand)
Wands
 v - a wand of iceblast (11)
 x - a wand of flame (68)
 D - a wand of acid (25)
 N - a wand of enslavement (16)
Scrolls
 b - 2 scrolls of fear
 e - 6 scrolls of teleportation
 z - 4 scrolls of identify
Potions
 a - 2 potions of curing
 d - a potion of might
 h - a potion of magic
 m - 4 potions of brilliance
 q - 3 potions of lignification
 s - 2 potions of flight
 B - 2 potions of invisibility
 V - 3 potions of berserk rage
Books
 l - a book of Callings

   Spells                             Type                      Level
   a - Summon Small Mammal            Summoning                    1
   b - Call Imp                       Summoning                    2
   c - Call Canine Familiar           Summoning                    3
   d - Summon Guardian Golem          Hexes/Summoning              3
   e - Summon Lightning Spire         Summoning/Air                4
   f - Summon Ice Beast               Ice/Summoning                4
 p - a book of Battle

   Spells                             Type                      Level
   a - Infusion                       Charms                       1
   b - Shroud of Golubria             Charms/Translocation         2
   c - Song of Slaying                Charms                       2
   d - Spectral Weapon                Hexes/Charms                 3
   e - Regeneration                   Charms/Necromancy            3
 C - a book of Necromancy

   Spells                             Type                      Level
   a - Pain                           Necromancy                   1
   b - Animate Skeleton               Necromancy                   1
   c - Vampiric Draining              Necromancy                   3
   d - Regeneration                   Charms/Necromancy            3
   e - Animate Dead                   Necromancy                   4
   f - Borgnjor's Vile Clutch         Necromancy/Earth             5
 L - a book of Changes

   Spells                             Type                      Level
   a - Beastly Appendage              Transmutation                1
   b - Sticks to Snakes               Transmutation                2
   c - Spider Form                    Transmutation/Poison         3
   d - Ice Form                       Ice/Transmutation            4
   e - Blade Hands                    Transmutation                5
 M - a book of Misfortune

   Spells                             Type                      Level
   a - Confusing Touch                Hexes                        1
   b - Confuse                        Hexes                        3
   c - Gell's Gravitas                Translocation                3
   d - Petrify                        Transmutation/Earth          4
   e - Metabolic Englaciation         Hexes/Ice                    5
   f - Yara's Violent Unravelling     Hexes/Transmutation          5
Miscellaneous
 G - a lightning rod (1/4)
Comestibles
 f - 17 rations


   Skills:
 + Level 9.7 Fighting
 + Level 7.1 Short Blades
 + Level 8.6 Long Blades
 + Level 7.1(10.1) Axes
 + Level 7.1 Maces & Flails
 + Level 7.1 Polearms
 + Level 7.1 Staves
 + Level 7.1 Slings
 + Level 7.1 Bows
 + Level 7.1 Crossbows
 + Level 7.1 Throwing
 + Level 9.7 Armour
 + Level 7.1 Dodging
 + Level 7.1 Stealth
 + Level 9.7(11.5) Shields
 + Level 7.1 Unarmed Combat
 + Level 7.1 Spellcasting
 + Level 5.9 Conjurations
 + Level 5.9 Hexes
 + Level 5.9 Charms
 + Level 5.9 Summonings
 + Level 5.9 Necromancy
 + Level 5.9 Translocations
 + Level 5.9 Transmutations
 + Level 5.9 Fire Magic
 + Level 5.9 Ice Magic
 + Level 5.9 Air Magic
 + Level 5.9 Earth Magic
 + Level 5.9 Poison Magic
 + Level 7.8 Invocations
 + Level 7.1 Evocations


You had 24 spell levels left.
You knew the following spells:

 Your Spells              Type           Power        Failure   Level  Hunger
a - Infusion              Chrm           ###.         69%         1    None


Dungeon Overview and Level Annotations

Branches:
Dungeon (9/15)             Temple (1/1) D:5            Lair (3/6) D:9
  Swamp: Lair:2-4    Shoals: Lair:2-4     Snake: Lair:2-4    Spider: Lair:2-4
    Orc: D:9-12

Altars:
Ashenzari
Cheibriados
Dithmenos
Elyvilon
Fedhas
Gozag
Hepliaklqana
Kikubaaqudgha
Makhleb
Nemelex Xobeh
Okawaru
Qazlal
Ru
Sif Muna
Trog
Uskayaw
Vehumet
Wu Jian
Xom
Yredelemnul
Zin
The Shining One

Shops:
D:4 ?   D:6 *   D:9 (


Innate Abilities, Weirdness & Mutations

Your experience applies equally to all skills.
You have very sharp teeth.
Your uncanny sense of smell can sniff out nearby items.


Message History

You block the nine-headed hydra's attack.
The nine-headed hydra bites you but does no damage.
As you read the scroll of teleportation, it crumbles to dust.
You feel strangely unstable.
The nine-headed hydra barely misses you.
The nine-headed hydra bites you!
* * * LOW HITPOINT WARNING * * *
You block the nine-headed hydra's attack. x2
The nine-headed hydra bites you but does no damage.
The nine-headed hydra closely misses you.
You block the nine-headed hydra's attack. x2
The nine-headed hydra completely misses you.
You feel better.
You block the nine-headed hydra's attack.
The nine-headed hydra bites you!
* * * LOW HITPOINT WARNING * * *
You block the nine-headed hydra's attack.
The nine-headed hydra barely misses you.
The nine-headed hydra bites you!
You die...

##.....#.#...#
#.#......###.. ,
#.............
###.......#.###*
, #...........#
#.........#...t
##..<......#.#..
, #..........# #
. * ##.....@D..#
,
#......).......*
.#...........#..
##P........)..*
##........#... *
###..........
###.P#.....*, *
#####.#* * , , *
,


You could see a nine-headed hydra.

Vanquished Creatures
  The ghost of faabio the Basher, a novice OgMo of Okawaru (D:8)
  A hydra (Lair:2)
  Erica (D:8)
  2 two-headed ogres (D:8)
  2 skeletal warriors (Volcano)
  An anaconda skeleton (Volcano)
  Maurice (D:8)
  The ghost of Hercules1031 the Shield-Bearer, a novice GnFi of Ashenzari (D:5)
  5 gargoyles (Volcano)
  2 black mambas
  2 spiny frogs
  A rime drake (Lair:1)
  A merfolk (D:9)
  3 harpy skeletons (Volcano)
  Sigmund (D:5)
  3 hippogriffs
  3 flying skulls (Volcano)
  An alligator skeleton (Volcano)
  3 fire bats (Lair:1)
  6 water moccasins
  5 porcupines
  3 sky beasts
  An ice beast (D:8)
  A necrophage (D:9)
  An orc warrior (D:7)
  5 ogres
  The ghost of Naru the Chopper, an amateur DsGl (D:3)
  5 crocodiles
  2 centaurs
  8 bullfrogs
  A water moccasin zombie (D:3)
  5 scorpions
  5 killer bees (D:7)
  5 electric eels
  A troll skeleton (Volcano)
  A spriggan skeleton (Volcano)
  2 crimson imps (D:8)
  3 howler monkeys (D:9)
  A quasit (D:6)
  2 bullfrog zombies
  A centaur zombie (D:6)
  5 hounds
  12 orc priests
  3 bullfrog skeletons
  7 orc wizards
  Jessica (D:2)
  2 iguanas
  5 worker ants
  4 naga skeletons (Volcano)
  A gnoll (D:1)
  A howler monkey skeleton (D:6)
  A worker ant zombie (D:6)
  12 adders
  2 shadow imps (D:6)
  An ooze (D:4)
  An adder zombie (D:5)
  A worm (D:2)
  4 dart slugs
  5 leopard geckos
  31 orcs
  5 giant cockroaches
  7 hobgoblins
  12 jackals
  10 kobolds
  3 quokkas
  8 bats
  4 frilled lizards
  4 goblins
  A jackal skeleton (D:6)
  A leopard gecko zombie (D:5)
  14 rats
  A fungus (Lair:1)
269 creatures vanquished.

Vanquished Creatures (collateral kills)
  A hydra (Lair:2)
1 creature vanquished.

Vanquished Creatures (others)
  An orc priest (D:4)
1 creature vanquished.

Grand Total: 271 creatures vanquished

Notes
Turn   | Place    | Note
-------+----------+-------------------------------------------
     0 | D:1      | Hercules1031 the Gnoll Fighter began the quest for the Orb.
     0 | D:1      | Reached XP level 1. HP: 23/23 MP: 1/1
   172 | D:1      | Reached XP level 2. HP: 28/29 MP: 2/2
   310 | D:1      | Reached XP level 3. HP: 34/35 MP: 3/3
   930 | D:1      | Reached skill level 1 in Invocations
  1213 | D:2      | Found a shadowy altar of Dithmenos.
  1379 | D:2      | Noticed Jessica
  1383 | D:2      | Reached skill level 1 in Short Blades
  1383 | D:2      | Reached skill level 1 in Axes
  1383 | D:2      | Reached skill level 1 in Maces & Flails
  1383 | D:2      | Reached skill level 1 in Polearms
  1383 | D:2      | Reached skill level 1 in Staves
  1383 | D:2      | Reached skill level 1 in Slings
  1383 | D:2      | Reached skill level 1 in Bows
  1383 | D:2      | Reached skill level 1 in Crossbows
  1383 | D:2      | Reached skill level 1 in Throwing
  1383 | D:2      | Reached skill level 1 in Dodging
  1383 | D:2      | Reached skill level 1 in Stealth
  1383 | D:2      | Reached skill level 1 in Unarmed Combat
  1383 | D:2      | Reached skill level 1 in Spellcasting
  1383 | D:2      | Reached skill level 1 in Evocations
  1386 | D:2      | Killed Jessica
  1386 | D:2      | Reached XP level 4. HP: 38/41 MP: 5/5
  1699 | D:2      | Reached skill level 1 in Conjurations
  1699 | D:2      | Reached skill level 1 in Hexes
  1699 | D:2      | Reached skill level 1 in Charms
  1699 | D:2      | Reached skill level 1 in Summonings
  1699 | D:2      | Reached skill level 1 in Necromancy
  1699 | D:2      | Reached skill level 1 in Translocations
  1699 | D:2      | Reached skill level 1 in Transmutations
  1699 | D:2      | Reached skill level 1 in Fire Magic
  1699 | D:2      | Reached skill level 1 in Ice Magic
  1699 | D:2      | Reached skill level 1 in Air Magic
  1699 | D:2      | Reached skill level 1 in Earth Magic
  1699 | D:2      | Reached skill level 1 in Poison Magic
  1736 | D:2      | Found a bloodstained altar of Trog.
  2097 | D:3      | Found a sparkling altar of Nemelex Xobeh.
  2097 | D:3      | Noticed Naru's ghost (amateur DsGl)
  2127 | D:3      | Killed Naru's ghost
  2127 | D:3      | Reached XP level 5. HP: 24/47 MP: 5/7
  2277 | D:3      | Reached XP level 6. HP: 35/53 MP: 8/8
  2439 | D:3      | Reached skill level 5 in Long Blades
  2772 | D:3      | Found a deep blue altar of Sif Muna.
  2773 | D:3      | Found a hazy altar of Hepliaklqana.
  2923 | D:4      | Got a fine hand axe
  2924 | D:4      | Identified the +9 hand axe of the Doomed Warrior {speed, +Fly rElec rF+} (You found it on level 4 of the Dungeon)
  3144 | D:4      | Reached XP level 7. HP: 56/59 MP: 10/10
  3624 | D:4      | Found a hide-covered altar of Uskayaw.
  3644 | D:4      | Found Usollef's Magic Scroll Boutique.
  3647 | D:4      | Bought a scroll of remove curse for 42 gold pieces
  3647 | D:4      | Bought a scroll of enchant armour for 105 gold pieces
  3647 | D:4      | Bought a scroll of remove curse for 42 gold pieces
  4109 | D:4      | Reached XP level 8. HP: 67/67 MP: 12/12
  4279 | D:5      | Entered Level 5 of the Dungeon
  4303 | D:5      | Noticed Sigmund
  4311 | D:5      | Killed Sigmund
  4537 | D:5      | Noticed Hercules1031's ghost (novice GnFi)
  4571 | D:5      | Killed Hercules1031's ghost
  4834 | D:5      | Found a shattered altar of Ashenzari.
  4905 | D:5      | Found a staircase to the Ecumenical Temple.
  4926 | Temple   | Entered the Ecumenical Temple
  5253 | D:5      | Found a stormy altar of Qazlal.
  5253 | D:5      | Noticed a water elemental
  5256 | D:5      | Noticed an air elemental
  5303 | D:5      | Got a garnet-encrusted scale mail
  5314 | D:5      | Identified the +0 scale mail "Boas" {rN+ Regen+ Int-2} (You found it on level 5 of the Dungeon)
  5576 | D:6      | Reached XP level 9. HP: 70/72 MP: 14/14
  6123 | D:6      | Found Miepp's Assorted Antiques.
  6451 | D:5      | Became a worshipper of Ashenzari the Shackled
  6653 | D:6      | Identified a scroll of acquirement
  6841 | D:7      | Found a radiant altar of Vehumet.
  7428 | D:7      | Found a snail-covered altar of Cheibriados.
  7750 | D:8      | Noticed Maurice
  7752 | D:8      | Noticed a two-headed ogre
  7767 | D:8      | Killed a two-headed ogre
  7767 | D:8      | Reached skill level 5 in Invocations
  7767 | D:8      | Reached XP level 10. HP: 33/80 MP: 15/17
  7769 | D:8      | Killed Maurice
  7792 | D:8      | Reached skill level 5 in Short Blades
  7792 | D:8      | Reached skill level 5 in Axes
  7792 | D:8      | Reached skill level 5 in Maces & Flails
  7792 | D:8      | Reached skill level 5 in Polearms
  7792 | D:8      | Reached skill level 5 in Staves
  7792 | D:8      | Reached skill level 5 in Slings
  7792 | D:8      | Reached skill level 5 in Bows
  7792 | D:8      | Reached skill level 5 in Crossbows
  7792 | D:8      | Reached skill level 5 in Throwing
  7792 | D:8      | Reached skill level 5 in Dodging
  7792 | D:8      | Reached skill level 5 in Stealth
  7792 | D:8      | Reached skill level 5 in Unarmed Combat
  7792 | D:8      | Reached skill level 5 in Spellcasting
  7792 | D:8      | Reached skill level 5 in Evocations
  7807 | D:8      | Reached * piety under Ashenzari
  7828 | D:8      | Learned a level 1 spell: Infusion
  7857 | D:8      | Noticed Erica
  7874 | D:8      | Killed Erica
  7894 | D:8      | Noticed a two-headed ogre
  7907 | D:8      | Killed a two-headed ogre
  8051 | D:8      | Noticed faabio's ghost (novice OgMo)
  8070 | D:8      | Killed faabio's ghost
  8371 | D:6      | Bought a pair of heavily runed boots for 275 gold pieces
  8376 | D:6      | Identified the +3 pair of boots "Piklohil" {+Blink Dex+4} (You bought it in a shop on level 6 of the Dungeon)
  8610 | D:8      | Found a shimmering altar of Xom.
  8619 | D:8      | Found an ancient bone altar of Kikubaaqudgha.
  8663 | D:8      | Found an ancient bone altar of Kikubaaqudgha.
  8663 | D:8      | Noticed a rust devil
  8663 | D:8      | Noticed an orange demon
  8665 | D:8      | Noticed an orange demon
  8876 | D:8      | Found an opulent altar of Gozag.
  8915 | D:9      | Found a sacrificial altar of Ru.
  8948 | D:9      | Reached XP level 11. HP: 65/87 MP: 19/19
  9497 | D:9      | Reached ** piety under Ashenzari
  9530 | D:9      | Found a staircase to the Lair.
  9602 | D:9      | Found Omirij's Antique Weapon Shop.
  9975 | Lair:1   | Entered Level 1 of the Lair of Beasts
 10143 | Lair:1   | Reached skill level 5 in Conjurations
 10143 | Lair:1   | Reached skill level 5 in Hexes
 10143 | Lair:1   | Reached skill level 5 in Charms
 10143 | Lair:1   | Reached skill level 5 in Summonings
 10143 | Lair:1   | Reached skill level 5 in Necromancy
 10143 | Lair:1   | Reached skill level 5 in Translocations
 10143 | Lair:1   | Reached skill level 5 in Transmutations
 10143 | Lair:1   | Reached skill level 5 in Fire Magic
 10143 | Lair:1   | Reached skill level 5 in Ice Magic
 10143 | Lair:1   | Reached skill level 5 in Air Magic
 10143 | Lair:1   | Reached skill level 5 in Earth Magic
 10143 | Lair:1   | Reached skill level 5 in Poison Magic
 10257 | Lair:1   | Found a dark tunnel.
 10266 | Volcano  | Entered a volcano
 10355 | Volcano  | Noticed a skeletal warrior
 10385 | Volcano  | Killed a skeletal warrior
 10803 | Volcano  | Noticed a skeletal warrior
 10809 | Volcano  | Killed a skeletal warrior
 10809 | Volcano  | Reached XP level 12. HP: 93/96 MP: 20/22
 11302 | Lair:2   | Noticed a seven-headed hydra
 11305 | Lair:2   | Killed a seven-headed hydra
 11513 | Lair:2   | Reached *** piety under Ashenzari
 11546 | Lair:2   | Noticed a five-headed hydra
 11557 | Lair:2   | Killed a six-headed hydra
 12204 | Lair:3   | Noticed an eight-headed hydra
 12219 | Lair:3   | Slain by a nine-headed hydra

Skill      XL: |  1  2  3  4  5  6  7  8  9 10 11 12 |
---------------+-------------------------------------+-----
Invocations    | 1 2 3 4 5 6 7 |  7.8
Short Blades   | 1 2 3 4 5 6 7 |  7.1
Axes           | 1 2 3 4 5 6 7 |  7.1
Maces & Flails | 1 2 3 4 5 6 7 |  7.1
Polearms       | 1 2 3 4 5 6 7 |  7.1
Staves         | 1 2 3 4 5 6 7 |  7.1
Slings         | 1 2 3 4 5 6 7 |  7.1
Bows           | 1 2 3 4 5 6 7 |  7.1
Crossbows      | 1 2 3 4 5 6 7 |  7.1
Throwing       | 1 2 3 4 5 6 7 |  7.1
Dodging        | 1 2 3 4 5 6 7 |  7.1
Stealth        | 1 2 3 4 5 6 7 |  7.1
Unarmed Combat | 1 2 3 4 5 6 7 |  7.1
Spellcasting   | 1 2 3 4 5 6 7 |  7.1
Evocations     | 1 2 3 4 5 6 7 |  7.1
Conjurations   | 1 2 3 4 5 |  5.9
Hexes          | 1 2 3 4 5 |  5.9
Charms         | 1 2 3 4 5 |  5.9
Summonings     | 1 2 3 4 5 |  5.9
Necromancy     | 1 2 3 4 5 |  5.9
Translocations | 1 2 3 4 5 |  5.9
Transmutations | 1 2 3 4 5 |  5.9
Fire Magic     | 1 2 3 4 5 |  5.9
Ice Magic      | 1 2 3 4 5 |  5.9
Air Magic      | 1 2 3 4 5 |  5.9
Earth Magic    | 1 2 3 4 5 |  5.9
Poison Magic   | 1 2 3 4 5 |  5.9
Long Blades    | 5 6 7 8 |  8.6
Fighting       | 7 8 9 |  9.7
Armour         | 7 8 9 |  9.7
Shields        | 7 8 9 |  9.7

Action                   |  1- 3 |  4- 6 |  7- 9 | 10-12 || total
-------------------------+-------+-------+-------+-------++-------
Melee: Long sword        |   101 |   111 |       |       ||   212
       Bite              |     6 |    28 |    47 |    77 ||   158
       Falchion          |       |    52 |       |       ||    52
       Hand axe          |       |    18 |   287 |   449 ||   754
Invok: Curse Item        |       |       |     3 |     1 ||     4
 Abil: Evoke Blink       |       |       |       |     2 ||     2
Evoke: Wand              |       |       |       |     7 ||     7
       Lightning rod     |       |       |       |     4 ||     4
       Phantom mirror    |       |       |       |     1 ||     1
  Use: Potion            |     4 |     5 |     2 |     5 ||    16
       Scroll            |     3 |     1 |     9 |    12 ||    25
  Eat: Ration            |     1 |     2 |     5 |     3 ||    11
Armor: Scale mail        |    35 |       |       |       ||    35
       Plate armour      |    12 |    98 |    99 |   156 ||   365
Dodge: Dodged            |    32 |    34 |    50 |    92 ||   208
Block: Shield            |    90 |   116 |   156 |   242 ||   604
       Reflection        |       |       |     1 |     8 ||     9
       Large shield      |       |       |       |    75 ||    75
       Rpst.: Long sword |    11 |     8 |       |       ||    19
       Falchion          |       |     6 |       |       ||     6
